 Adventure DCSS version bcrawl-1.21.3-2-g9d8a61a446 (webtiles) character file.

Game seed: 1933395614495144005

202118 Dyss the Eclecticist (level 17, -17/211 HPs)
             Began as a Djinni Conjurer on Apr 19, 2020.
             Was a High Priest of Sif Muna.
             Demolished by a vault warden
             ... wielding a +0 war axe
              (50 damage)
             ... on level 3 of the Vaults.
             The game lasted 03:54:58 (35157 turns).

Dyss the Eclecticist (Djinni Conjurer)             Turns: 35157, Time: 03:54:58

Health: -17/211    AC: 28    Str: 13    XL:     17   Next: 93%
Magic:  42/53      EV:  2    Int: 35    God:    Sif Muna [*****.]
Gold:   1358       SH: 13    Dex: 23    Spells: 8/47 levels left
                                        Lives:  0   Deaths: 2

rFire    + . .     SeeInvis +   E - +10 mace "Fiowistri" {crush, Fragile MR+ Dex+9}
rCold    . . .     Gourm    .   v - +4 buckler "Xaper" {Int+8}
rNeg     + + +     Faith    .   (armour currently unavailable)
rPois    +         Spirit   .   (helmet currently unavailable)
rElec    .         Reflect  +   (cloak currently unavailable)
rCorr    .         Harm     .   (gloves currently unavailable)
MR       ++...     Rnd*Rage +   (boots unavailable) Stlth ++++......NoTele +
                                j - amulet "Geer" {Reflect rF+ Int+2 Dex+3 SH+2}
HPRegen  0.45/turn              h - ring "Vuetar" {MP+9 EV+4 Stlth+}
MPRegen  0.33/turn              O - ring of see invisible

@: tree-form, very slightly contaminated, divine energy
A: never pass out, berserk 2, blurry vision 2, clever 1, high mp 2, sense
surroundings 1, wild magic 3, disrupted magic 1, MP-powered wands
}: 1/15 runes: gossamer
a: Stop Divine Energy, Channel Magic, Forget Spell, Renounce Religion


You were on level 3 of the Vaults.
You worshipped Sif Muna.
Sif Muna was extremely pleased with you.
You were not hungry.
You were a tree.
You visited 6 branches of the dungeon, and saw 26 of its levels.

You collected 4306 gold pieces.
You spent 2948 gold pieces at shops.

Inventory:

Hand Weapons
 E - the +10 mace "Fiowistri" (weapon) {crush, Fragile MR+ Dex+9}
   (You found it on level 5 of the Dungeon)

   It inflicts extra damage upon your enemies.
   It affects your dexterity (+9).
   It affects your resistance to hostile enchantments.
   It will be destroyed if unequipped.
 F - a +4 quarterstaff of chaos
 L - the +6 battleaxe of Patterns {drain, rElec MR+ Stlth-}
   (You found it on level 8 of the Dungeon)

   A truly terrible weapon, it drains the life of those it strikes.
   It insulates you from electricity.
   It affects your resistance to hostile enchantments.
   It makes you less stealthy.
Armour
 r - a +1 hat of see invisible
 s - the +2 robe of Fortitude (melded) {rElec rC+ MR+}
   (You bought it in a shop on level 2 of the Vaults)

   It protects you from cold.
   It insulates you from electricity.
   It affects your resistance to hostile enchantments.
 v - the +4 buckler "Xaper" (worn) {Int+8}
   (You acquired it on level 12 of the Dungeon)

   It affects your intelligence (+8).
 x - the +7 plate armour "Tocem" {rF- rN+++ Dex-5 SInv}
   (You found it on level 9 of the Dungeon)

   It affects your dexterity (-5).
   It makes you vulnerable to fire.
   It renders you almost immune to negative energy.
   It lets you see invisible.
 G - a +1 cloak (melded)
 K - the +1 buckler of Iluh {rElec rCorr}
   (You acquired it on level 5 of the Lair of Beasts)

   It insulates you from electricity.
   It provides partial protection from all sources of acid and corrosion.
 Q - the cursed -1 pair of gloves "Mivett" (melded) {rF+ rC+ Slay-4}
   (You found it on level 11 of the Dungeon)

   It affects your accuracy and damage with ranged weapons and melee attacks
   (-4).
   It protects you from fire.
   It protects you from cold.
   It has a curse placed upon it.
 Y - the +2 helmet "Efeph" (melded) {Str+4 Int+5}
   (You bought it in a shop on level 2 of the Vaults)

   It affects your strength (+4).
   It affects your intelligence (+5).
Jewellery
 b - an uncursed ring of wizardry
 h - the ring "Vuetar" (left branch) {MP+9 EV+4 Stlth+}
   (You acquired it on level 5 of the Lair of Beasts)

   [ring of evasion]

   It affects your evasion (+4).
   It affects your magic capacity (+9).
   It makes you more stealthy.
 j - the amulet "Geer" (around neck) {Reflect rF+ Int+2 Dex+3 SH+2}
   (You acquired it on level 5 of the Lair of Beasts)

   [amulet of reflection]

   It shields you and reflects attacks.
   It affects your intelligence (+2).
   It affects your dexterity (+3).
   It protects you from fire.
   It affects your SH (+2).
 I - an uncursed ring of magical power
 O - a ring of see invisible (right branch)
Wands
 t - a wand of paralysis (10)
 u - a wand of iceblast (30)
 z - a wand of clouds (5)
 J - a wand of random effects (14)
 R - a wand of digging (35)
 T - a wand of acid (15)
 Z - a wand of polymorph (13)
Scrolls
 d - 3 scrolls of amnesia
 f - 10 scrolls of remove curse
 g - 2 scrolls of enchant weapon
 l - 2 scrolls of torment
 n - 5 scrolls of fog
 o - a scroll of fear
 p - 7 scrolls of identify
 y - 4 scrolls of immolation
 B - 13 scrolls of teleportation
 C - 7 scrolls of blinking
 D - 2 scrolls of vulnerability
 N - 3 scrolls of magic mapping
 V - 4 scrolls of enchant armour
 X - a scroll of silence
Potions
 c - 3 potions of magic
 i - 10 potions of curing
 k - 3 potions of lignification
 m - 4 potions of heal wounds
 q - 3 potions of might
 w - a potion of agility
 A - 4 potions of haste
 H - a potion of mutation
 P - 4 potions of brilliance
 S - 4 potions of ambrosia
 U - a potion of resistance
 W - a potion of invisibility
Miscellaneous
 M - 2 boxes of beasts
Comestibles
 e - 33 rations {!d}


   Skills:
 * Level 10.7 Fighting
 * Level 7.7 Armour
 * Level 10.7 Dodging
 - Level 3.3 Stealth
 - Level 6.6 Shields
 * Level 15.8 Spellcasting
 + Level 15.3 Conjurations
 - Level 4.0 Hexes
 - Level 5.3 Charms
 - Level 5.1 Necromancy
 - Level 12.7 Transmutations
 * Level 12.3 Fire Magic
 - Level 4.2 Ice Magic
 - Level 5.3 Earth Magic
 - Level 10.5 Invocations
 - Level 3.7 Evocations


You had 8 spell levels left.
You knew the following spells:

 Your Spells              Type           Power        Failure   Level  Hunger
a - Bolt of Fire          Conj/Fire      ########..   9%          6    None
b - Searing Ray           Conj           ########     1%          2    None
c - Iskenderun's Mystic   Conj           ########     1%          3    None
d - Fulminant Prism       Conj/Hex       ########..   6%          4    None
e - Irradiate             Conj/Tmut      ########..   4%          5    None
f - Statue Form           Tmut/Erth      ########.    24%         6    None
g - Regeneration          Chrm/Necr      #######...   8%          3    None
h - Ozocubu's Armour      Chrm/Ice       #######.     8%          3    None
i - Dragon Form           Tmut           #######      28%         7    ####...

Your spell library contained the following spells:

 Spells                   Type           Power        Failure   Level  Hunger
 Beastly Appendage        Tmut           ######       1%          1    None
 Flame Tongue             Conj/Fire      #####        1%          1    None
 Magic Dart               Conj           ####         1%          1    None
 Sticks to Snakes         Tmut           ########     1%          2    None
 Throw Frost              Conj/Ice       ######       1%          2    None
 Conjure Flame            Conj/Fire      ########     1%          3    None
 Flaming Arrows           Chrm/Fire      ########     3%          2    None
 Passwall                 Tmut/Erth      ########     3%          2    None
 Stone Arrow              Conj/Erth      ######       3%          3    None
 Sticky Flame             Conj/Fire      ########     3%          4    None
 Animate Skeleton         Necr           N/A          4%          1    None
 Infusion                 Chrm           #######.     4%          1    None
 Pain                     Necr           ######       4%          1    None
 Sandblast                Erth           ######       4%          1    None
 Dazzling Spray           Conj/Hex       ######       4%          3    None
 Ignite Poison            Fire/Tmut/Pois ########     4%          3    None
 Inner Flame              Hex/Fire       N/A          4%          3    None
 Fireball                 Conj/Fire      ########..   4%          5    None
 Song of Slaying          Chrm           #######.     5%          2    None
 Blade Hands              Tmut           ########..   5%          5    None
 Freeze                   Ice            ######       6%          1    None
 Slow                     Hex            #######.     6%          1    None
 Spider Form              Tmut/Pois      ###          6%          3    None
 Petrify                  Tmut/Erth      ########     6%          4    None
 Throw Icicle             Conj/Ice       ########     6%          4    None
 Ensorcelled Hibernation  Hex/Ice        ######       7%          2    None
 Ice Form                 Ice/Tmut       ########     7%          4    None
 Yara's Violent Unravell  Hex/Tmut       ########..   7%          4    None
 Bolt of Magma            Conj/Fire/Erth ########..   7%          5    None
 Vampiric Draining        Necr           #######...   8%          3    None
 Bolt of Draining         Conj/Necr      ########..   8%          5    None
 Spectral Weapon          Hex/Chrm       #######.     9%          3    None
 Confuse                  Hex            #######.     10%         3    None
 Apportation              Tloc           ######       12%         1    None
 Animate Dead             Necr           N/A          13%         4    None
 Lightning Bolt           Conj/Air       ########..   13%         5    None
 Venom Bolt               Conj/Pois      ########..   13%         5    None
 Poisonous Vapours        Pois/Air       ######       14%         2    None
 Cause Fear               Hex            #######...   17%         4    None
 Bolt of Cold             Conj/Ice       ########..   21%         6    None
 Beckoning                Tloc           ######....   22%         3    None
 Lee's Rapid Deconstruct  Erth           #######...   22%         5    None
 Summon Ice Beast         Ice/Summ       ######..     26%         4    None
 Metabolic Englaciation   Hex/Ice        #######...   30%         5    None
 Poison Arrow             Conj/Pois      ########..   34%         6    None
 Olgreb's Toxic Radiance  Pois           ######..     45%         4    None
 Silence                  Hex/Air        ######....   50%         5    None
 Icicle Burst             Conj/Ice       ########..   54%         7    ####...
 Infestation              Hex/Tmut/Pois  #######..    56%         6    None
 Mana Rupture             Conj/Hex       ########..   56%         7    ####...
 Borgnjor's Vile Clutch   Necr/Erth      #######...   58%         6    None
 Simulacrum               Ice/Necr       #######...   65%         6    None
 Summon Forest            Summ/Tloc      ######....   71%         5    None
 Darkness                 Hex            #######...   73%         6    None
 Invisibility             Hex            #######.     73%         6    None
 Ignition                 Fire           ########..   82%         8    #####..
 Freezing Cloud           Ice/Air        ######....   90%         6    None
 Lehudib's Crystal Spear  Conj/Erth      ########..   96%         8    #####..
 Shadow Creatures         Summ           N/A          99%         6    None
 Necromutation            Tmut/Necr      ########     99%         8    #####..
 Malign Gateway           Summ/Tloc      ######....   100%        7    ####...
 Chain Lightning          Conj/Air       ########..   100%        8    #####..
 Glaciate                 Conj/Ice/Air   #######...   100%        8    #####..
 Time Stop                Chrm/Tloc      N/A          100%        8    #####..
 Dragon's Call            Summ           ######....   100%        9    #######
 Fire Storm               Conj/Fire      ########..   100%        9    #######


Dungeon Overview and Level Annotations

Branches:
Dungeon (12/12)            Temple (1/1) D:5            Lair (6/6) D:9
 Shoals (0/3) Lair:4       Spider (3/3) Lair:4        Slime (0/5) Lair:6
    Orc (1/1) D:10            Elf (0/3) Orc          Vaults (3/3) D:12
  Crypt (0/2) Vaults:2     Depths (0/5) D:12

Altars:
Ashenzari
Cheibriados
Dithmenos
Elyvilon
Fedhas
Gozag
Hepliaklqana
Kikubaaqudgha
Lugonu
Makhleb
Nemelex Xobeh
Okawaru
Qazlal
Ru
Sif Muna
Trog
Uskayaw
Vehumet
Wu Jian
Xom
Yredelemnul
Zin
The Shining One
Jiyva

Shops:
D:10 %   D:12 *[*?   Orc %?(?   Vaults:1 [   Vaults:2 [


Innate Abilities, Weirdness & Mutations

You never pass out after going berserk.
You often lose your temper in combat.
((You can translocate small distances at will.))
Scrolls take you longer to read.
((Your flesh is heat resistant. (rF+)))
You have a considerably increased reservoir of magic. (+20% MP)
Your spells are much harder to cast, but much more powerful.
Your casting is slightly disrupted.
You expend magic power (3 MP) to strengthen your wands.
((Your body floats in the air.))
((You are partially covered in molten scales. (AC +2)))
Your mind is acute. (Int +2)
You passively map a small area around you.


Message History

The vault guard hits you with a +0 long sword!!
You block the vault guard's attack.
The phantasmal warrior blinks!
You hear a shout! x14
Really quaff the potion of lignification?
You revert to your normal fleshy form.
The cursed -1 pair of gloves "Mivett" {rF+ rC+ Slay-4} unmelds from your body.
The +2 robe of Fortitude {rElec rC+ MR+} unmelds from your body.
You turn into a tree.
Your +1 cloak melds into your body.
The +2 helmet "Efeph" {Str+4 Int+5} melds into your body.
The cursed -1 pair of gloves "Mivett" {rF+ rC+ Slay-4} melds into your body.
The +2 robe of Fortitude {rElec rC+ MR+} melds into your body.
Your roots penetrate the ground.
The vault guard hits you from afar with a +0 bardiche!!
* * * LOW HITPOINT WARNING * * *
The red very ugly thing kicks you but does no damage.
You block the stone giant's attack. You block the vault guard's attack.
The vault guard hits you with a +0 long sword!
* * * LOW HITPOINT WARNING * * *
The vault warden hits you with a +0 war axe!!!
You die...

,* , , *,#....#
* * ** ,* .
,#....# * . * ..
#....#####.. *
...#..W.#.§..,,,
....Cupp.... ,
**
##.Cupuppp#####
*
...8ppppup.....
,
...pCpp♣pp...p.
.?.WpDCpp8.....
,
....ppppcp.....
,,,
*##...epc§X#####
* * ,
........... ,
.#.#....#... , ,
, ...#....#..##*
* *.# #..R.#...
, * , , ,


You could see a tentacled monstrosity, 2 frost giants, 2 very ugly things, a
quicksilver dragon, a stone giant, 2 vault wardens, 22 vault guards, 2 ugly
things, an ettin, a rakshasa, 2 crystal guardians, 2 vault sentinels, a deep elf
knight (invisible), a phantasmal warrior, 2 yaktaurs and a freezing wraith.

Vanquished Creatures
  Gastronok (Lair:3)
  Nikola (Spider:2)
  Rupert (Lair:5)
  A sphinx (Vaults:1)
  A fire giant (Vaults:1)
  2 ghost moths (Spider:3)
  3 vault wardens
  7 emperor scorpions (Spider:3)
  2 orc warlords
  5 ironheart preservers
  3 stone giants (Vaults:2)
  Aizul (Spider:2)
  5 entropy weavers
  A deep elf annihilator (D:12)
  A spark wasp (Spider:3)
  Snorg (D:11)
  A fire dragon (D:12)
  Harold (Lair:3)
  3 yaktaur captains (Vaults:1)
  6 vault guards
  Psyche (D:11)
  2 rakshasas
  7 hydras
  2 ice dragons
  3 centaur warriors
  A death knight (Vaults:2)
  5 catoblepae
  A dancing weapon (Vaults:1)
  A deep troll shaman (Lair:6)
  23 two-headed ogres
  8 ogre magi
  5 death yaks
  A vampire mage (Vaults:2)
  Urug (D:10)
  Nergalle (Orc)
  5 deep elf knights
  2 unseen horrors
  2 deep elf archers (D:12)
  7 cyclopes
  2 wizards (Vaults:1)
  6 ironbrand convokers
  2 orc sorcerers
  A tengu zombie (Vaults:1)
  3 orc knights (Orc)
  2 oklob plants (Lair:1)
  A wolf spider zombie (D:12)
  3 necromancers
  2 deep elf magi
  18 orb spiders
  A manticore (D:11)
  37 ugly things
  18 wolf spiders
  A moth of wrath (Spider:3)
  10 slime creatures
  A stone giant skeleton (Vaults:1)
  A merfolk siren (Lair:4)
  12 elephants
  3 black mambas
  6 vault sentinels
  4 torpor snails
  9 cane toads
  2 gargoyles (D:12)
  An efreet (D:8)
  3 centaur skeletons
  13 rime drakes
  15 yaktaurs
  8 komodo dragons
  2 freezing wraiths
  8 demonic crawlers
  4 kobold demonologists
  6 trolls
  A tengu conjurer (D:9)
  3 polar bears
  4 hornets
  Grinder (D:3)
  2 harpy skeletons (D:12)
  11 hippogriffs
  18 jumping spiders
  18 blink frogs
  An ettin zombie (Vaults:1)
  6 dream sheep (Lair:4)
  A raiju (shapeshifter) (D:11)
  44 redbacks
  A shadow (D:12)
  21 tarantellas
  Sigmund (D:2)
  4 vampires
  14 yaks
  4 hogs (D:7)
  A human (D:7)
  A basilisk (shapeshifter) (D:8)
  A human simulacrum (Vaults:1)
  3 basilisks
  Edmund (D:5)
  A steam dragon (D:8)
  2 hungry ghosts
  A vampire mosquito (D:9)
  5 wargs
  10 crocodiles
  A harpy simulacrum (Vaults:1)
  4 water moccasins
  An acid dragon (D:11)
  4 porcupines
  An ice beast (D:9)
  26 orc warriors
  3 black bears
  A human zombie (Vaults:1)
  A phantom (D:8)
  A necrophage (D:7)
  5 wolves (Lair:6)
  24 ogres
  15 centaurs
  3 big kobolds
  15 bullfrogs
  Blork the orc (D:5)
  An ogre simulacrum (Vaults:1)
  7 scorpions
  A water moccasin skeleton (D:4)
  5 killer bees (D:9)
  4 wights (D:12)
  7 howler monkeys
  6 crimson imps
  Crazy Yiuf (D:5)
  14 orc wizards
  6 centaur zombies
  A bullfrog skeleton (D:7)
  8 jellies
  5 hounds
  9 orc priests
  4 iguanas
  11 worker ants
  A hound zombie (D:7)
  A worker ant zombie (D:5)
  8 gnolls
  7 adders
  5 shadow imps
  An ooze (D:3)
  An adder zombie (D:8)
  2 adder skeletons
  3 worms
  4 dart slugs
  3 leopard geckos
  67 orcs
  5 giant cockroaches
  6 hobgoblins
  6 jackals
  10 kobolds
  3 quokkas
  7 bats
  6 frilled lizards
  6 goblins
  A quokka skeleton (D:5)
  3 rats
  A fire vortex (D:11)
  4 fulminant prisms
  8 fungi
  13 plants
889 creatures vanquished.

Vanquished Creatures (collateral kills)
  A moth of wrath (Spider:3)
1 creature vanquished.

Vanquished Creatures (others)
  A deep elf archer (Vaults:2)
  A cyclops (Vaults:1)
  3 yaktaurs (Vaults:1)
  A troll (D:9)
  2 orc warriors (Orc)
  2 orc wizards (Orc)
  6 orcs (Orc)
  218 fulminant prisms
  13 fungi
  4 plants
  9 toadstools (Lair:2)
260 creatures vanquished.

Grand Total: 1150 creatures vanquished

Notes
Turn   | Place    | Note
-------+----------+-------------------------------------------
     0 | D:1      | Dyss the Djinni Conjurer began the quest for the Orb.
     0 | D:1      | Reached XP level 1. HP: 14/14 MP: 4/4
   344 | D:1      | Reached XP level 2. HP: 20/20 MP: 3/6
  1441 | D:2      | Reached XP level 3. HP: 26/26 MP: 3/7
  1594 | D:2      | Found an opulent altar of Gozag.
  1626 | D:2      | Learned a level 2 spell: Searing Ray
  2079 | D:2      | Noticed Sigmund
  2359 | D:3      | Noticed Grinder
  2370 | D:3      | Noticed an ogre
  2374 | D:3      | Killed an ogre
  2374 | D:3      | Reached skill level 5 in Conjurations
  2374 | D:3      | Gained mutation: Your spells are harder to cast, but more
                  | powerful. [Djinni growth]
  2374 | D:3      | Gained mutation: You can translocate small distances at
                  | will. [Djinni growth]
  2374 | D:3      | Reached XP level 4. HP: 33/33 MP: 5/10
  2423 | D:3      | Reached XP level 5. HP: 24/38 MP: 4/11
  2615 | D:2      | Learned a level 3 spell: Iskenderun's Mystic Blast
  4060 | D:2      | Killed Sigmund
  4060 | D:2      | Reached skill level 5 in Spellcasting
  4060 | D:2      | Reached XP level 6. HP: 34/45 MP: 7/13
  4338 | D:3      | Paralysed by Grinder for 3 turns
  4350 | D:3      | Killed Grinder
  4350 | D:3      | Reached XP level 7. HP: 47/50 MP: 4/15
  4559 | D:4      | Learned a level 4 spell: Fulminant Prism
  4940 | D:4      | Found a glowing silver altar of Zin.
  5253 | D:4      | Reached skill level 1 in Hexes
  5405 | D:4      | Found a sacrificial altar of Ru.
  5899 | D:5      | Entered Level 5 of the Dungeon
  5981 | D:5      | Found a runed door.
  5992 | D:5      | Noticed Blork the orc
  5996 | D:5      | Killed Blork the orc
  5996 | D:5      | Gained mutation: Your spells are much harder to cast, but
                  | much more powerful. [Djinni growth]
  5996 | D:5      | Reached XP level 8. HP: 57/57 MP: 9/17
  6355 | D:5      | Noticed Edmund
  6363 | D:5      | Killed Edmund
  6751 | D:5      | Found a shimmering altar of Xom.
  6788 | D:5      | Found a staircase to the Ecumenical Temple.
  6797 | Temple   | Entered the Ecumenical Temple
  6924 | Temple   | Became a worshipper of Sif Muna the Loreminder
  7100 | D:5      | Reached skill level 5 in Dodging
  7369 | D:5      | Noticed Crazy Yiuf
  7371 | D:5      | Killed Crazy Yiuf
  7381 | D:5      | Got an iridescent mace
  7382 | D:5      | Identified the +10 mace "Fiowistri" {crush, Fragile MR+
                  | Dex+9} (You found it on level 5 of the Dungeon)
  7543 | D:6      | Learned a level 5 spell: Irradiate
  7571 | D:6      | Noticed a hippogriff
  7578 | D:6      | Killed a hippogriff
  7578 | D:6      | Reached * piety under Sif Muna
  7578 | D:6      | Identified Jetedin's Almanac of Enchanting Cold (Sif Muna
                  | gifted it to you on level 6 of the Dungeon)
  7578 | D:6      | Received a gift from Sif Muna
  7578 | D:6      | Reached skill level 1 in Fighting
  7578 | D:6      | Reached skill level 1 in Transmutations
  7688 | D:6      | Reached XP level 9. HP: 50/64 MP: 7/20
  7726 | D:7      | Noticed a two-headed ogre
  7728 | D:7      | Slain by a two-headed ogre
  7729 | D:7      | Reached XP level 8. HP: -3/59 MP: 1/19
  7746 | D:7      | Found a sparkling altar of Nemelex Xobeh.
  7746 | D:7      | Found a shattered altar of Ashenzari.
  7785 | D:7      | Killed a two-headed ogre
  8024 | D:7      | Found a blossoming altar of Fedhas.
  8365 | D:7      | Reached XP level 9. HP: 68/68 MP: 17/21
  8817 | D:7      | Reached skill level 1 in Invocations
  8817 | D:7      | Reached skill level 1 in Evocations
  8817 | D:7      | Reached skill level 10 in Conjurations
  9010 | D:8      | Found an ornate altar of the Wu Jian Council.
  9680 | D:8      | Got a heavily runed chain mail
  9826 | D:8      | HP: 2/70 [something (5)]
  9831 | D:8      | Gained mutation: You passively map a small area around you.
                  | [potion of mutation]
  9831 | D:8      | Gained mutation: You are partially covered in molten
                  | scales. (AC +2) [potion of mutation]
  9831 | D:8      | Gained mutation: Your mind is acute. (Int +2) [potion of
                  | mutation]
  9833 | D:8      | Killed an unseen horror
  9833 | D:8      | Reached ** piety under Sif Muna
  9833 | D:8      | Reached XP level 10. HP: 10/78 MP: 5/22
 10499 | D:8      | Identified Sif Muna's Handbook of Transmutation and the
                  | Rocks (Sif Muna gifted it to you on level 8 of the Dungeon)
 10499 | D:8      | Received a gift from Sif Muna
 10507 | D:8      | Learned a level 5 spell: Blade Hands
 10699 | D:8      | Noticed a two-headed ogre
 10699 | D:8      | Reached skill level 1 in Armour
 10768 | D:8      | Killed a two-headed ogre
 10768 | D:8      | Reached skill level 5 in Fighting
 10768 | D:8      | Reached skill level 5 in Transmutations
 11350 | D:8      | Noticed a green ugly thing
 11354 | D:8      | Killed a green ugly thing
 11454 | D:8      | Got a brightly glowing battleaxe
 11576 | D:9      | Reached XP level 11. HP: 75/88 MP: 17/24
 11619 | D:9      | Noticed a centaur warrior
 11621 | D:9      | Killed a centaur warrior
 11711 | D:9      | Noticed a cyclops
 11720 | D:9      | Killed a cyclops
 11935 | D:9      | Reached skill level 10 in Spellcasting
 12296 | D:9      | Noticed a green ugly thing
 12303 | D:9      | Killed a green ugly thing
 12303 | D:9      | Reached *** piety under Sif Muna
 12479 | D:9      | Got a heavily runed plate armour
 12848 | D:9      | Found a staircase to the Lair.
 12850 | D:9      | Received a gift from Sif Muna
 13061 | D:10     | Entered Level 10 of the Dungeon
 13061 | D:10     | Noticed Urug
 13156 | D:10     | Killed Urug
 13507 | D:9      | Learned a level 3 spell: Regeneration
 13653 | D:10     | Found a staircase to the Orcish Mines.
 13744 | D:10     | Noticed a cyclops
 13749 | D:10     | Killed a cyclops
 13795 | D:10     | Reached skill level 1 in Shields
 13795 | D:10     | Reached skill level 1 in Charms
 13980 | D:10     | Noticed a seven-headed hydra
 13987 | D:10     | Killed a seven-headed hydra
 13987 | D:10     | Reached skill level 1 in Necromancy
 14079 | D:10     | Gained mutation: Your casting is slightly disrupted.
                  | [Djinni growth]
 14079 | D:10     | Gained mutation: Your flesh is heat resistant. (rF+)
                  | [Djinni growth]
 14079 | D:10     | Gained mutation: You have an increased reservoir of magic.
                  | (+10% MP) [Djinni growth]
 14079 | D:10     | Gained mutation: You have a considerably increased
                  | reservoir of magic. (+20% MP) [Djinni growth]
 14079 | D:10     | Reached XP level 12. HP: 97/97 MP: 28/32
 14533 | D:10     | Found Ciohajy's Food Boutique.
 14696 | Lair:1   | Entered Level 1 of the Lair of Beasts
 14791 | Lair:1   | Noticed an eight-headed hydra
 14794 | Lair:1   | Killed an eight-headed hydra
 15308 | Lair:1   | Reached **** piety under Sif Muna
 16130 | Lair:2   | Noticed a death yak
 16145 | Lair:2   | Killed a death yak
 16246 | Lair:2   | Found a runed door.
 16301 | Lair:2   | Identified Likud's Guide on the Glacier (Sif Muna gifted it
                  | to you on level 2 of the Lair of Beasts)
 16301 | Lair:2   | Received a gift from Sif Muna
 16309 | Lair:2   | Learned a level 3 spell: Ozocubu's Armour
 16489 | Lair:2   | Noticed a catoblepas
 16553 | Lair:2   | Noticed a catoblepas
 16572 | Lair:2   | Killed a catoblepas
 16584 | Lair:2   | HP: 3/100 [catoblepas (6)]
 16585 | Lair:2   | Slain by a catoblepas
 16586 | Lair:2   | Reached XP level 11. HP: -2/92 MP: 7/40
 16652 | Lair:2   | Killed a catoblepas
 16699 | Lair:2   | Got an encrusted shortbow
 16797 | Lair:3   | Reached skill level 5 in Armour
 16798 | Lair:3   | Noticed Harold
 16810 | Lair:3   | Killed Harold
 17145 | Lair:3   | Reached XP level 12. HP: 101/101 MP: 33/33
 17519 | Lair:3   | Noticed Gastronok
 17533 | Lair:3   | Killed Gastronok
 17533 | Lair:3   | Reached skill level 5 in Invocations
 17977 | Lair:4   | Found a hole to the Spider Nest.
 18107 | Lair:4   | Noticed a four-headed hydra
 18127 | Lair:4   | Identified Ruismeeg's Catalogue of the Oath and Moulding
                  | (Sif Muna gifted it to you on level 4 of the Lair of
                  | Beasts)
 18127 | Lair:4   | Received a gift from Sif Muna
 18148 | Lair:4   | Reached ***** piety under Sif Muna
 18156 | Lair:4   | Killed a four-headed hydra
 18398 | Lair:4   | Found a staircase to the Shoals.
 18549 | Lair:4   | Found a frozen archway.
 18624 | Lair:4   | Noticed an eight-headed hydra
 18632 | Lair:4   | Killed an eight-headed hydra
 18632 | Lair:4   | Reached XP level 13. HP: 108/108 MP: 30/35
 18883 | Lair:5   | Reached skill level 5 in Charms
 19179 | Lair:5   | Reached skill level 5 in Necromancy
 19312 | Lair:5   | Got a shimmering war axe
 19344 | Lair:5   | Noticed Rupert
 19355 | Lair:5   | Killed Rupert
 19454 | Lair:5   | Found an ancient bone altar of Kikubaaqudgha.
 19490 | Lair:5   | Identified 3 scrolls of acquirement
 19494 | Lair:5   | Identified the amulet "Geer" {Reflect rF+ Int+2 Dex+3 SH+2}
                  | (You acquired it on level 5 of the Lair of Beasts)
 19500 | Lair:5   | Identified the +4 quick blade "Iplusim" {freeze, *Slow rF+
                  | Str+7} (You acquired it on level 5 of the Lair of Beasts)
 19500 | Lair:5   | Identified the ring "Vuetar" {MP+9 EV+4 Stlth+} (You
                  | acquired it on level 5 of the Lair of Beasts)
 19503 | Lair:5   | Identified the +8 longbow "Hagiu" {speed, Fragile rElec rC-
                  | MR+++} (You acquired it on level 5 of the Lair of Beasts)
 19503 | Lair:5   | Identified the +1 buckler of Iluh {rElec rCorr} (You
                  | acquired it on level 5 of the Lair of Beasts)
 19503 | Lair:5   | Identified the amulet "Leeff" {Faith MP+9 Str+7 Slay-4}
                  | (You acquired it on level 5 of the Lair of Beasts)
 19674 | Lair:6   | Entered Level 6 of the Lair of Beasts
 19788 | Lair:6   | Got a jewelled leather armour
 19794 | Lair:6   | Identified the +3 leather armour of the Guild-Master {rCorr
                  | SInv} (You found it on level 6 of the Lair of Beasts)
 19804 | Lair:6   | Identified the +7 plate armour "Tocem" {rF- rN+++ Dex-5
                  | SInv} (You found it on level 9 of the Dungeon)
 19814 | Lair:6   | Identified the +1 chain mail of Inquiry {rElec rF+ Slay+3}
                  | (You found it on level 8 of the Dungeon)
 20395 | Lair:6   | Reached skill level 5 in Shields
 20615 | Lair:6   | Found a viscous altar of Jiyva.
 20626 | Lair:6   | Received a gift from Sif Muna
 20647 | Lair:6   | Found a staircase to the Slime Pits.
 21431 | Lair:6   | Reached skill level 10 in Transmutations
 21474 | Lair:6   | Reached skill level 1 in Ice Magic
 21556 | Lair:6   | Learned a level 6 spell: Bolt of Fire
 21792 | Lair:6   | Reached skill level 1 in Fire Magic
 21792 | Lair:6   | Reached XP level 14. HP: 117/118 MP: 35/36
 21865 | Lair:6   | Got a crystal glaive
 22330 | D:11     | Noticed Snorg
 22335 | D:11     | Killed Snorg
 22473 | D:11     | Noticed Psyche
 22474 | D:11     | Killed Psyche
 22886 | D:11     | Got a pair of distressingly furry gloves
 22916 | D:11     | Identified the cursed -1 pair of gloves "Mivett" {rF+ rC+
                  | Slay-4} (You found it on level 11 of the Dungeon)
 23046 | D:12     | Entered Level 12 of the Dungeon
 23099 | D:12     | Found Mehaen's Antique Armour Emporium.
 23108 | D:12     | Found a hide-covered altar of Uskayaw.
 23242 | D:12     | Identified the +4 buckler "Xaper" {Int+8} (You acquired it
                  | on level 12 of the Dungeon)
 23242 | D:12     | Identified Xurup's Catalogue of Unstable Enchantment (You
                  | acquired it on level 12 of the Dungeon)
 23253 | D:12     | Found a staircase to the Depths.
 23697 | D:12     | Identified Sif Muna's Disquisition on Displaced Shape
                  | Shifting (Sif Muna gifted it to you on level 12 of the
                  | Dungeon)
 23697 | D:12     | Received a gift from Sif Muna
 23968 | D:12     | Reached skill level 5 in Fire Magic
 24082 | D:12     | Found Uzaphast's General Store.
 24100 | D:12     | Bought a scroll of identify for 36 gold pieces
 24102 | D:12     | Identified the +12 glaive "Uxunaf" {chop, rF+ Dex+4} (You
                  | found it on level 6 of the Lair of Beasts)
 24180 | D:12     | Found Qomeoz's Magic Scroll Shop.
 24188 | D:12     | Bought a scroll of identify for 26 gold pieces
 24188 | D:12     | Bought a scroll of identify for 26 gold pieces
 24190 | D:12     | Identified the +10 war axe of Enoufi Taefu {chop, *Rage
                  | +Rage rElec Int+3} (You found it on level 5 of the Lair of
                  | Beasts)
 24192 | D:12     | Identified the +6 shortbow "Qocisib" {velocity, rElec rF-
                  | rN+ Str+3} (You found it on level 2 of the Lair of Beasts)
 24192 | D:12     | Bought a scroll of acquirement for 676 gold pieces
 24194 | D:12     | Identified the +0 ring mail of Weightlessness {Dex+7} (You
                  | acquired it on level 12 of the Dungeon)
 24194 | D:12     | Identified the Papyrus of Poison (You acquired it on level
                  | 12 of the Dungeon)
 24486 | D:12     | Found a gate to the Vaults.
 24616 | D:12     | Found Qeufiy's Assorted Antiques.
 24624 | D:12     | Bought a potion of mutation for 248 gold pieces
 24706 | D:12     | Identified the +6 battleaxe of Patterns {drain, rElec MR+
                  | Stlth-} (You found it on level 8 of the Dungeon)
 24823 | D:12     | Learned a level 7 spell: Dragon Form
 25003 | Orc      | Entered the Orcish Mines
 25370 | Orc      | Noticed Nergalle
 25532 | Orc      | Killed Nergalle
 25532 | Orc      | Reached XP level 15. HP: 126/126 MP: 22/38
 25533 | Orc      | Noticed an orc warlord
 25653 | Orc      | Killed an orc warlord
 25655 | Orc      | Identified Sif Muna's Tome of Confrontation (Sif Muna
                  | gifted it to you in the Orcish Mines)
 25655 | Orc      | Received a gift from Sif Muna
 26239 | Orc      | Found a staircase to the Elven Halls.
 26409 | Orc      | Found Vecykhly's Magic Scroll Boutique.
 26409 | Orc      | Found Zaom's Antique Weapon Emporium.
 26409 | Orc      | Found Utoaf's Magic Scroll Shoppe.
 26412 | Orc      | Found Ronecs Ciqy's Food Shop.
 26416 | Orc      | Bought 2 scrolls of identify for 44 gold pieces
 26416 | Orc      | Bought a scroll of identify for 22 gold pieces
 26416 | Orc      | Bought a scroll of identify for 22 gold pieces
 26439 | Orc      | Bought a smoking battleaxe for 264 gold pieces
 26441 | Orc      | Bought a scroll of identify for 30 gold pieces
 26443 | Orc      | Identified the +10 battleaxe of the Shore {drain, +Fly}
                  | (You bought it in a shop in the Orcish Mines)
 26771 | Spider:1 | Entered Level 1 of the Spider Nest
 26943 | Lair:4   | Reached skill level 10 in Fighting
 27761 | Spider:2 | Noticed Nikola
 27775 | Spider:2 | Killed Nikola
 28268 | Spider:2 | Identified Sif Muna's Volume of Fetching Ignition (Sif Muna
                  | gifted it to you on level 2 of the Spider Nest)
 28268 | Spider:2 | Received a gift from Sif Muna
 28270 | Spider:2 | Noticed Aizul
 28281 | Spider:2 | Killed Aizul
 28326 | Spider:2 | Learned a level 6 spell: Statue Form
 28780 | Spider:3 | Entered Level 3 of the Spider Nest
 28824 | Spider:3 | Reached skill level 1 in Earth Magic
 29217 | Spider:3 | Noticed a ghost moth
 29221 | Spider:3 | Killed a ghost moth
 29221 | Spider:3 | Reached XP level 16. HP: 134/134 MP: 0/40
 29375 | Spider:3 | Identified Fyuket's Grimoire of Blistering Changing (Sif
                  | Muna gifted it to you on level 3 of the Spider Nest)
 29375 | Spider:3 | Received a gift from Sif Muna
 29597 | Spider:3 | Reached skill level 10 in Fire Magic
 30008 | Spider:3 | Got a gossamer rune of Zot
 30705 | Vaults:1 | Entered Level 1 of the Vaults
 30827 | Vaults:1 | Received a gift from Sif Muna
 31306 | Vaults:1 | Noticed a sphinx
 31564 | Vaults:1 | Reached skill level 10 in Invocations
 31567 | Vaults:1 | Reached XP level 17. HP: 140/140 MP: 2/43
 31693 | Vaults:1 | Received a gift from Sif Muna
 31693 | Vaults:1 | Reached skill level 15 in Spellcasting
 31987 | Vaults:1 | Reached skill level 15 in Conjurations
 32211 | Vaults:1 | Found Fyelu's Antique Armour Emporium.
 32311 | Vaults:1 | Reached skill level 10 in Dodging
 32330 | Vaults:1 | Reached skill level 5 in Earth Magic
 33050 | Vaults:2 | Identified Sif Muna's Volume of Poisonous Confrontation
                  | (Sif Muna gifted it to you on level 2 of the Vaults)
 33050 | Vaults:2 | Received a gift from Sif Muna
 33320 | Vaults:2 | Found a staircase to the Crypt.
 33626 | Vaults:2 | Found Qureqomeme's Armour Shop.
 33634 | Vaults:2 | Bought the +2 helmet "Efeph" {Str+4 Int+5} for 808 gold
                  | pieces
 33634 | Vaults:2 | Bought the +2 robe of Fortitude {rElec rC+ MR+} for 746
                  | gold pieces
 35140 | Vaults:3 | Entered Level 3 of the Vaults
 35141 | Vaults:3 | Noticed a quicksilver dragon
 35155 | Vaults:3 | Noticed a tentacled monstrosity
 35157 | Vaults:3 | Demolished by a vault warden

Skill      XL: |  1  2  3  4  5  6  7  8  9 10 11 12 13 14 15 16 17 |
---------------+----------------------------------------------------+-----
Stealth        | 2 3 |  3.3
Spellcasting   | 4 5 6 8 9 10 12 13 14 15 | 15.8
Conjurations   | 5 6 7 9 10 11 12 13 14 15 | 15.3
Dodging        | 3 4 6 7 8 9 10 | 10.7
Hexes          | 1 4 |  4.0
Fighting       | 2 4 5 6 8 9 10 | 10.7
Transmutations | 2 4 5 7 9 10 11 12 | 12.7
Invocations    | 2 3 5 6 7 8 10 | 10.5
Evocations     | 3 |  3.7
Armour         | 1 5 6 7 |  7.7
Shields        | 1 2 6 |  6.6
Charms         | 1 4 5 |  5.3
Necromancy     | 1 4 5 |  5.1
Ice Magic      | 1 3 4 |  4.2
Fire Magic     | 1 6 9 11 12 | 12.3
Earth Magic    | 2 4 5 |  5.3

Action                   |  1- 3 |  4- 6 |  7- 9 | 10-12 | 13-15 | 16-18 || total
-------------------------+-------+-------+-------+-------+-------+-------++-------
Melee: Unarmed           |    16 |    37 |       |     7 |    33 |       ||    93
       Scythe            |       |       |     3 |       |       |       ||     3
       Mace              |       |       |     8 |    18 |     8 |    83 ||   117
       Bite              |       |       |       |       |     1 |       ||     1
 Cast: Magic Dart        |    78 |    76 |   132 |   130 |    28 |       ||   444
       Searing Ray       |     3 |     5 |     6 |    20 |    21 |     9 ||    64
       Iskenderun's Myst |       |     8 |    63 |   161 |   317 |   121 ||   670
       Fulminant Prism   |       |       |    14 |    89 |    84 |    35 ||   222
       Blade Hands       |       |       |       |     2 |     3 |       ||     5
       Irradiate         |       |       |       |     2 |     5 |    11 ||    18
       Regeneration      |       |       |       |     4 |     5 |       ||     9
       Ozocubu's Armour  |       |       |       |     3 |     4 |       ||     7
       Bolt of Fire      |       |       |       |       |    50 |   112 ||   162
       Dragon Form       |       |       |       |       |     1 |       ||     1
       Statue Form       |       |       |       |       |     1 |     1 ||     2
Invok: Divine Energy     |       |       |     1 |       |       |       ||     1
       Channel Magic     |       |       |       |       |     5 |     2 ||     7
       Forget Spell      |       |       |       |       |     2 |       ||     2
 Abil: Blink             |       |       |     2 |       |       |     1 ||     3
       End Transformatio |       |       |       |       |     1 |     1 ||     2
Evoke: Phial of floods   |       |       |       |       |       |     1 ||     1
  Use: Scroll            |     1 |       |     1 |     4 |    25 |     3 ||    34
       Potion            |       |       |     6 |     1 |     1 |     2 ||    10
 Stab: Sleeping          |     1 |       |       |       |       |       ||     1
       Distracted        |       |       |       |       |     1 |     1 ||     2
  Eat: Chunk             |     4 |     4 |    15 |    16 |    28 |    19 ||    86
       Ration            |       |     1 |       |     3 |     4 |     4 ||    12
Armor: Robe              |    17 |    13 |    15 |       |       |       ||    45
       Skin              |       |       |     2 |       |   105 |   135 ||   242
       Troll leather arm |       |       |       |    40 |    20 |       ||    60
       Chain mail        |       |       |       |       |    10 |       ||    10
Dodge: Dodged            |    33 |    47 |    46 |   112 |   296 |   362 ||   896
Block: Buckler           |       |       |       |       |   109 |   297 ||   406
       Other             |       |       |       |       |    15 |       ||    15
       Reflection        |       |       |       |       |    15 |    27 ||    42
